 Dungeon Crawl Stone Soup version 0.22-a0-612-gd2f0174 (webtiles) character file.

53 Supahsalami the Skirmisher (level 3, -2/30 HPs)
             Began as a Demonspawn Abyssal Knight on July 11, 2018.
             Was a Follower of Lugonu.
             Slain by a worm (6 damage)
             ... on level 2 of the Dungeon.
             The game lasted 00:04:53 (1479 turns).

Supahsalami the Skirmisher (DsAK)                   Turns: 1479, Time: 00:04:54

Health: -2/30      AC:  3    Str: 13    XL:     3   Next: 64%
Magic:  4/4        EV: 11    Int: 13    God:    Lugonu [*.....]
Gold:   85         SH:  4    Dex: 12    Spells: 2/2 levels left

rFire    + . .     SeeInvis .   a - +1 hand axe
rCold    . . .     Gourm    .   (no shield)
rNeg     . . .     Faith    .   b - +0 leather armour
rPois    .         Spirit   .   (no helmet)
rElec    .         Reflect  .   (no cloak)
rCorr    .         Harm     .   (no gloves)
MR       .....                  (no boots)
Stlth    +.........             (no amulet)
HPRegen  0.10/turn              (no ring)
MPRegen  0.09/turn              (no ring)

@: no status effects
A: large bone plates 1, fire resistance 1
a: Depart the Abyss, Renounce Religion


You were on level 2 of the Dungeon.
You worshipped Lugonu.
Lugonu was aware of your devotion.
You were not hungry.

You visited 1 branch of the dungeon, and saw 2 of its levels.
You visited the Abyss 1 time.

You collected 85 gold pieces.

Inventory:

Hand Weapons
 a - a +1 hand axe (weapon)
Missiles
 d - 27 poisoned needles
 p - 24 stones (quivered)
Armour
 b - a +0 leather armour (worn)
Jewellery
 m - an uncursed ring of wizardry {unknown}
Scrolls
 f - a scroll of identify {unknown}
 g - 2 scrolls of fog {unknown}
 h - a scroll of teleportation {unknown}
 i - a scroll of enchant weapon {unknown}
 k - 2 scrolls of remove curse {unknown}
 o - a scroll of enchant armour {unknown}
Potions
 e - 2 potions of agility {unknown}
 j - 2 potions of curing {unknown}
 n - 2 potions of ambrosia {unknown}
Comestibles
 c - 5 rations
 l - a chunk of flesh


   Skills:
 + Level 3.8 Fighting
 + Level 2.4 Axes
 + Level 2.3 Armour
 + Level 0.9 Dodging
 + Level 2.5 Invocations


You had 2 spell levels left.
You didn't know any spells.
Your spell library was empty.

Dungeon Overview and Level Annotations

Branches:
Dungeon (2/15)

Altars:
Ashenzari

Annotations:
D:2 Sigmund


Innate Abilities, Weirdness & Mutations

You are partially covered in large bone plates. (SH +4)
Your flesh is heat resistant. (rF+)


Message History

You are too injured to fight recklessly!
You barely miss the worm.
The worm is heavily wounded.
You hit the worm.
The worm is heavily wounded.
The worm bites you!
* * * LOW HITPOINT WARNING * * *
You hit the worm.
The worm is almost dead.
The worm closely misses you.
You barely miss the worm.
The worm is severely wounded.
You barely miss the worm.
The worm is severely wounded.
The worm bites you.
* * * LOW HITPOINT WARNING * * *
You hit the worm.
The worm is almost dead.
The worm bites you.
You die...

..........# #.####.
.........#
#....#.##......(..#
#........ ... ...#
###...##.## #.# #..#
..........###.###..#
#.............<..#
####...w.......###.)###.
.....%†@?........#......
...............#.##.....
.......###.#####.#....#.
.....## ..... ...#..#.
..... #...........#..#
.... #...........#..#
#.. ................ #.#
##...........##..


You could see a worm.

Vanquished Creatures
  An adder (D:2)
  An ooze (D:1)
  A leopard gecko (D:1)
  A ball python (D:1)
  2 giant cockroaches (D:1)
  7 goblins
  3 hobgoblins (D:1)
  3 jackals (D:1)
  7 bats
  4 frilled lizards
  A kobold (D:2)
  6 rats
37 creatures vanquished.

Notes
Turn   | Place    | Note
-------+----------+-------------------------------------------
     0 | Abyss:1  | Supahsalami the Demonspawn Abyssal Knight began the quest for the Orb.
     0 | Abyss:1  | Reached XP level 1. HP: 18/18 MP: 2/2
    79 | Abyss:1  | Noticed an ancient lich
    84 | Abyss:1  | Noticed a small abomination
    91 | D:1      | Escaped the Abyss
   373 | D:1      | Gained mutation: You are partially covered in large bone plates. (SH +4) [demonic ancestry]
   373 | D:1      | Reached XP level 2. HP: 20/24 MP: 3/3
   459 | D:1      | Reached * piety under Lugonu
   722 | D:1      | Gained mutation: Your flesh is heat resistant. (rF+) [demonic ancestry]
   722 | D:1      | Reached XP level 3. HP: 20/30 MP: 4/4
  1175 | D:2      | Noticed Sigmund
  1205 | D:2      | Found a shattered altar of Ashenzari.
  1479 | D:2      | Slain by a worm

Vault maps used:
D:1:      saegor_arrival_under_anarchy, hangedman_abyss_or_decor_stabs
D:2:      nicolae_ashenzari_panopticon, uniq_sigmund

Skill      XL: |  1  2  3 |
---------------+----------+-----
Axes           | 2 |  2.4
Armour         | 2 |  2.3
Fighting       | |  3.8
Dodging        | |  0.9
Invocations    | |  2.5

Action                   || total
-------------------------++-------
Melee: Hand axe          ||   121
Invok: Depart the Abyss  ||     1
  Eat: Chunk             ||     2
Armor: Leather armour    ||    41
Dodge: Dodged            ||   107
Block: Other             ||    24

Table legend:
 A = Spawn XP
 B = Non-spawn XP
 C = Spawn XP percentage of total XP
 D = Spawn monster count
 E = Non-spawn monster count
 F = Spawn count percentage of total count
 G = Total turns spent on level
                    A         B        C        D         E        F      G
               +---------+---------+-------+---------+---------+-------+---------
         Total |       0 |      77 |   0.0 |       0 |      37 |   0.0 |  1479
               +---------+---------+-------+---------+---------+-------+---------
           D:1 |       0 |      56 |   0.0 |       0 |      31 |   0.0 |  1170
           D:2 |       0 |      21 |   0.0 |       0 |       6 |   0.0 |   218
               +---------+---------+-------+---------+---------+-------+---------
